 Dungeon Crawl Stone Soup version 0.18.1-6-gd335043 (webtiles) character file.

170 mopl the Covert (level 5, -1/36 HPs)
             Began as a Vampire Transmuter on May 16, 2016.
             Slain by a mummy (7 damage)
             ... in an ossuary.
             The game lasted 00:04:44 (3281 turns).

mopl the Covert (Vampire Transmuter)                Turns: 3281, Time: 00:04:45

Health: -1/36      AC:  3    Str:  9    XL:     5   Next: 26%
Magic:  8/8        EV: 12    Int: 15    God:
Gold:   166        SH:  3    Dex: 16    Spells: 2 memorised, 5 levels left

rFire  . . .     SeeInvis +     e - +3 whip (vamp)
rCold  . . .     Gourm    .     b - +0 robe
rNeg   . . .     Faith    .     m - +0 buckler
rPois  .         Spirit   .     (no helmet)
rElec  .         Dismiss  .     (no cloak)
rCorr  .         Reflect  .     j - +0 pair of gloves
SustAt .         Harm     .     (no boots)
MR     .....                    (no amulet)
Stlth  ++++......               (no ring)
                                (no ring)

@: regenerating quickly, not resistant to hostile enchantments, stealthy
A: fangs 3, see invisible, unbreathing
a: no special abilities


You were in an ossuary.
You were full.

You visited 1 branch of the dungeon, and saw 4 of its levels.
You also visited: Ossuary.

You collected 166 gold pieces.

Inventory:

Hand Weapons
 e - a +3 vampiric whip (weapon)
Missiles
 a - 31 arrows
 k - 8 tomahawks (quivered)
 t - 7 poisoned needles
Armour
 b - a +0 robe (worn)
 j - a +0 pair of gloves (worn)
 m - a +0 buckler (worn)
 o - a +1 ring mail of cold resistance
Scrolls
 g - 6 scrolls of identify {unknown}
 l - a scroll of recharging {unknown}
 p - 3 scrolls of remove curse {unknown}
 r - a scroll of enchant weapon {unknown}
 s - 2 scrolls of noise {unknown}
 u - a scroll of fog {unknown}
Potions
 f - 2 potions of beneficial mutation {unknown}
 h - 3 potions of invisibility {unknown}
 n - 2 potions of might {unknown}
 q - 2 potions of resistance {unknown}
Books
 c - a book of Changes

   Spells                             Type                      Level
   a - Beastly Appendage              Transmutation                1
   b - Sticks to Snakes               Transmutation                2
   c - Spider Form                    Transmutation/Poison         3
   d - Ice Form                       Ice/Transmutation            4
   e - Blade Hands                    Transmutation                5
Miscellaneous
 i - a plain deck of defence {drawn: 1}


   Skills:
 - Level 0.8 Fighting
 - Level 2.1 Dodging
 + Level 8.0 Stealth
 - Level 3.2 Unarmed Combat
 - Level 2.0 Spellcasting
 - Level 2.1 Transmutations


You had 5 spell levels left.
You knew the following spells:

 Your Spells              Type           Power        Failure   Level  Hunger
a - Beastly Appendage     Trmt           #.....       17%         1    #......
w - Sticks to Snakes      Trmt           #.......     24%         2    ###....


Dungeon Overview and Level Annotations

Branches:
Dungeon (4/15)
 Temple: D:4-7

Altars:
Elyvilon
Nemelex Xobeh
Okawaru
Yredelemnul

Annotations:
D:3 exclusion: door, Crazy Yiuf


Innate Abilities, Weirdness & Mutations

Your natural rate of healing is unusually fast.
You have razor-sharp teeth.
You have supernaturally acute eyesight.
You can survive without breathing.


Message History

An arrow hits the jackal zombie!
The jackal zombie is destroyed!
An arrow hits the rat zombie!
You hit the mummy.
The mummy is moderately damaged.
A poisoned needle misses the adder zombie!
An arrow hits the adder zombie!
You hit the mummy. Your bite misses the mummy.
The mummy is severely damaged.
You hear a soft click.
You barely miss the mummy.
The mummy is severely damaged.
An arrow hits the elf zombie, but does no damage!
The mummy hits you!
* * * LOW HITPOINT WARNING * * *
Drink which item? (? for menu, Esc to quit)
Okay, then.
Evoke which item? (* to show all) (? for menu, Esc to quit)
You draw a card...
It is the Elixir.
The mummy hits you!
You die...

...............#..#
..................#
..................#
...........##.....#
...Z.......##.....#
..................#
..............Z^..#
.#####.......ZZ####
. ...........ZM@?#
∩..........Z#??#
#################


You could see a mummy, an adder zombie, a rat zombie, a big kobold zombie and 2
elf zombies.

Vanquished Creatures
  Jessica (D:2)
  A worker ant (D:4)
  A hound skeleton (D:4)
  3 adders (D:2)
  2 worms (D:2)
  A dart slug (D:1)
  2 giant geckos (D:3)
  2 orcs (D:3)
  4 bats
  4 giant cockroaches
  7 goblins
  4 hobgoblins
  4 jackals
  2 quokkas (D:2)
  3 giant newts (D:1)
  2 gnoll zombies (D:3)
  3 kobolds
  2 quokka zombies (D:4)
  5 rats
53 creatures vanquished.

Vanquished Creatures (collateral kills)
  Ijyb (D:2)
1 creature vanquished.

Vanquished Creatures (others)
  A giant gecko (D:2)
  A jackal (D:2)
  A goblin (D:2)
  A jackal zombie (Ossuary)
4 creatures vanquished.

Grand Total: 58 creatures vanquished

Notes
Turn   | Place    | Note
--------------------------------------------------------------
     0 | D:1      | mopl the Vampire Transmuter began the quest for the Orb.
     0 | D:1      | Reached XP level 1. HP: 14/14 MP: 3/3
    49 | D:1      | Reached skill level 1 in Stealth
    85 | D:1      | Reached skill level 2 in Stealth
   191 | D:1      | Reached XP level 2. HP: 20/20 MP: 5/5
   197 | D:1      | Reached skill level 3 in Stealth
   212 | D:1      | Found a sparkling altar of Nemelex Xobeh.
   670 | D:2      | Found an iron altar of Okawaru.
   737 | D:2      | Reached skill level 4 in Stealth
   742 | D:2      | Noticed Ijyb
   782 | D:2      | HP: 1/20 [worm (2)]
  1079 | D:1      | Learned a level 2 spell: Sticks to Snakes
  1141 | D:2      | Killed Ijyb
  1141 | D:2      | Reached skill level 5 in Stealth
  1141 | D:2      | Reached XP level 3. HP: 16/25 MP: 2/6
  1386 | D:2      | Reached skill level 6 in Stealth
  1386 | D:2      | Reached XP level 4. HP: 31/31 MP: 7/7
  1420 | D:2      | Noticed Jessica
  1428 | D:2      | Killed Jessica
  1450 | D:2      | Found a white marble altar of Elyvilon.
  1876 | D:2      | Reached skill level 7 in Stealth
  2262 | D:3      | Noticed Crazy Yiuf
  2531 | D:3      | Found a basalt altar of Yredelemnul.
  3080 | D:4      | Reached XP level 5. HP: 29/36 MP: 8/8
  3108 | D:4      | Reached skill level 8 in Stealth
  3121 | D:4      | Found a sand-covered staircase.
  3256 | Ossuary  | Entered an ossuary
  3281 | Ossuary  | Slain by a mummy

Skill      XL: |  1  2  3  4  5 |
---------------+----------------+-----
Stealth        | 2 5 6 7 8 |  8.0
Fighting       | |  0.8
Dodging        | |  2.1
Unarmed Combat | |  3.2
Spellcasting   | |  2.0
Transmutations | |  2.1

Action                   |  1- 3 |  4- 6 || total
-------------------------+-------+-------++-------
Melee: Whip              |    93 |    97 ||   190
       Bite              |    11 |    12 ||    23
 Cast: Sticks to Snakes  |     2 |     2 ||     4
Evoke: Deck              |       |     1 ||     1
  Use: Potion            |       |     7 ||     7
 Stab: Sleeping          |     7 |     9 ||    16
Armor: Robe              |    14 |    27 ||    41
Dodge: Dodged            |    42 |    52 ||    94
Block: Buckler           |     6 |    13 ||    19
